 Dungeon Crawl Stone Soup version 0.27.1-1-g398f81649c (webtiles) character file.

Game seed: 13388469419812891943

113516 MisterFreud the Blocker (level 16, -6/129 HPs)
             Began as a Gnoll Fighter on Sept 7, 2021.
             Was the Champion of Hepliaklqana.
             Killed from afar by an ironbound frostheart (29 damage)
             ... by creeping frost
             ... in an ice cave.
             The game lasted 00:53:07 (33327 turns).

MisterFreud the Blocker (Gnoll Fighter)            Turns: 33327, Time: 00:53:07

Health: -6/129     AC: 24    Str: 16    XL:     16   Next: 63%
Magic:  0/30       EV: 20    Int: 18    God:    Hepliaklqana [******]
Gold:   456        SH: 14    Dex: 16    Spells: 36/36 levels left

rFire    + + +     SeeInvis .   R - +7 trident (venom)
rCold    . . .     Faith    .   c - +1 kite shield
rNeg     . . .     Spirit   .   J - +4 swamp dragon scales "Afrienoe" {+Blink rPois Will++}
rPois    +         Reflect  .   O - +2 hat
rElec    .         Harm     .   C - +0 cloak
rCorr    .         Rampage  .   g - +0 pair of gloves
Will     +++..                  (no boots)
Stlth    ++++......             (no amulet)
HPRegen  0.31/turn              T - +4 ring of evasion
MPRegen  0.22/turn              S - ring of the Turtle {*Slow rF+++ AC+4 Int+6 Dex+2}

@: no status effects
A: reduced essence, fangs 1, strong nose, distributed training, robust 1
a: Renounce Religion, Evoke Blink, Recall Ancestor, Ancestor Identity,
Transference, Idealise


You were in an ice cave.
You worshipped Hepliaklqana.
Hepliaklqana was exalted by your worship.
You visited 2 branches of the dungeon, and saw 21 of its levels.
You also visited: Sewer, Ossuary and Ice Cave.

You collected 1752 gold pieces.
You spent 1296 gold pieces at shops.

Inventory:

Hand Weapons
 R - a +7 trident of venom (weapon)
Missiles
 i - 70 poisoned darts (quivered)
 u - 23 boomerangs
 D - 6 boomerangs of dispersal
 H - 3 throwing nets
 Q - 7 curare-tipped darts
Armour
 c - a +1 kite shield (worn)
 g - a +0 pair of gloves (worn)
 C - a +0 cloak (worn)
 J - the +4 swamp dragon scales "Afrienoe" (worn) {+Blink rPois Will++}
   (You bought it in a shop on level 6 of the Dungeon)

   rPois:     It protects you from poison.
   +Blink:    It lets you blink.
   Will:      It greatly increases your willpower.
 O - a +2 hat (worn)
Jewellery
 b - a ring of protection from cold
 K - a ring of resist corrosion
 M - a +4 ring of protection
 S - the ring of the Turtle (right hand) {*Slow rF+++ AC+4 Int+6 Dex+2}
   (You found it on level 10 of the Dungeon)

   [ring of protection]

   AC:        It affects your AC (+4).
   Int:       It affects your intelligence (+6).
   Dex:       It affects your dexterity (+2).
   rF:        It renders you almost immune to fire.
   *Slow:     It may slow you when you take damage.
 T - a +4 ring of evasion (left hand)
 U - a ring of flight
 W - a ring of see invisible
Wands
 y - a wand of paralysis (10)
 A - a wand of charming (6)
 F - a wand of digging (10)
 G - a wand of acid (6)
 I - a wand of iceblast (27)
 Y - a wand of flame (39)
Scrolls
 f - 4 scrolls of brand weapon
 h - 2 scrolls of magic mapping
 j - 3 scrolls of identify
 n - 2 scrolls of blinking
 q - 10 scrolls of teleportation
 s - 2 scrolls of fear
 w - 5 scrolls of enchant weapon
 z - 4 scrolls of amnesia
 E - 2 scrolls of fog
 N - 6 scrolls of enchant armour
 P - a scroll of silence
 V - a scroll of holy word
Potions
 e - 2 potions of berserk rage
 l - 4 potions of brilliance
 m - 9 potions of curing
 o - 7 potions of flight
 p - a potion of ambrosia
 t - 3 potions of heal wounds
 v - a potion of resistance
 x - 2 potions of might
 B - 3 potions of haste
 L - 3 potions of magic
 X - a potion of cancellation
 Z - 4 potions of mutation
Miscellaneous
 a - a piece from Xom's chessboard (15/15)
 d - a lightning rod (4/4)
 k - a phial of floods
 r - a tin of tremorstones (2/2)


   Skills:
 + Level 12.5 Fighting
 + Level 11.7 Short Blades
 + Level 10.9 Long Blades
 + Level 10.9 Axes
 + Level 10.9 Maces & Flails
 + Level 10.9 Polearms
 + Level 10.9 Staves
 + Level 10.9 Slings
 + Level 10.9 Bows
 + Level 10.9 Crossbows
 + Level 10.9 Throwing
 + Level 12.5 Armour
 + Level 10.9 Dodging
 + Level 10.9 Stealth
 + Level 12.5 Shields
 + Level 10.9 Unarmed Combat
 + Level 10.9 Spellcasting
 + Level 9.3 Conjurations
 + Level 9.3 Hexes
 + Level 9.3 Summonings
 + Level 9.3 Necromancy
 + Level 9.3 Translocations
 + Level 9.3 Transmutations
 + Level 9.3 Fire Magic
 + Level 9.3 Ice Magic
 + Level 9.3 Air Magic
 + Level 9.3 Earth Magic
 + Level 9.3 Poison Magic
 + Level 11.8 Invocations
 + Level 10.9 Evocations


You had 36 spell levels left.
You didn't know any spells.
Your spell library contained the following spells:

 Spells                   Type           Power      Damage    Failure   Level
 Beastly Appendage        Tmut           86%        N/A       1%          1
 Corona                   Hex            47%        N/A       1%          1
 Summon Small Mammal      Summ           100%       N/A       1%          1
 Ensorcelled Hibernation  Hex/Ice        86%        N/A       1%          2
 Slow                     Hex            43%        N/A       1%          2
 Wereblood                Tmut           43%        N/A       1%          2
 Call Canine Familiar     Summ           43%        N/A       1%          3
 Confusing Touch          Hex            43%        N/A       1%          3
 Gell's Gravitas          Tloc           21%        N/A       1%          3
 Ignite Poison            Fire/Tmut/Pois 43%        N/A       1%          3
 Mephitic Cloud           Conj/Pois/Air  43%        N/A       1%          3
 Portal Projectile        Hex/Tloc       86%        N/A       1%          3
 Spider Form              Tmut/Pois      21%        N/A       1%          3
 Summon Guardian Golem    Hex/Summ       43%        N/A       1%          3
 Teleport Other           Tloc           43%        N/A       1%          3
 Tukima's Dance           Hex            43%        N/A       1%          3
 Vampiric Draining        Necr           21%        2d9       1%          3
 Leda's Liquefaction      Hex/Erth       21%        N/A       3%          4
 Bolt of Magma            Conj/Fire/Erth 21%        4d11      10%         5
 Fireball                 Conj/Fire      21%        3d10      10%         5
 Dispersal                Tloc           21%        N/A       47%         6
 Starburst                Conj/Fire      21%        6d7       47%         6
 Ignition                 Fire           21%        3d8       100%        8


Dungeon Overview and Level Annotations

Branches:
Dungeon (15/15)            Temple (0/1) D:6            Lair (6/6) D:10
 Shoals (0/4) Lair:4        Snake (0/4) Lair:2        Slime (0/5) Lair:6
    Orc (0/2) D:10         Vaults (0/5) D:13          Sewer (visited)
Ossuary (visited)           IceCv (1/1)
 Depths: D:15

Altars:
Ashenzari
Cheibriados
Gozag
Hepliaklqana
Kikubaaqudgha
Makhleb
Okawaru
Uskayaw
Vehumet
Wu Jian
Jiyva

Shops:
D:3 ??!*:   D:6 *   D:10 (?(=

Annotations:
D:9 exclusion: electric eel
Lair:1 1 runed translucent door, exclusion: 3 oklob plants, loralnil's ghost, journeyman GnTm
Lair:4 3 runed translucent doors, Yxzaajys's ghost, journeyman DrFi
Lair:5 2 transporters, MeltyBlood's ghost, journeyman FoEE IceCv exclusion: orange crystal statue


Innate Abilities, Weirdness & Mutations

Your life essence is reduced to manifest your ancestor. (-10% HP)
You have very sharp teeth.
Your uncanny sense of smell can sniff out nearby items.
Your experience applies equally to all skills.
You are robust. (+10% HP)


Message History

Unknown command.
Reach: R) +7 trident (venom)
Press: ? - help, Dir - move target, f/p - orange crystal statue
Aim: an orange crystal statue (almost destroyed, about 5% to evade your +7 trident of venom)
The rime drake is in the way.
You puncture the rime drake!
The rime drake looks as sick as possible!
The rime drake is heavily wounded.
You block the rime drake's attack.
The ice dragon bites you but does no damage.
The ice dragon claws you!
* * * LOW HITPOINT WARNING * * *
The ice dragon tramples you but does no damage.
The orange crystal statue glitters.
You are confused.
Unknown command.
Okay, then.
You feel better. The rime drake completely misses you.
The ice dragon misses you. The ice dragon claws you.
* * * LOW HITPOINT WARNING * * *
You block the ice dragon's attack.
The orange crystal statue fixes its piercing gaze on you.
You feel your power leaking away.
Reach: R) +7 trident (venom)
Press: ? - help, Dir - move target, f/p - orange crystal statue
Aim: an orange crystal statue (almost destroyed, about 5% to evade your +7 trident of venom)
You reach to attack!
You hit the orange crystal statue but do no damage.
The orange crystal statue is almost destroyed.
You block the rime drake's attack. The ice dragon barely misses you.
The ice dragon misses you. You block the ice dragon's attack.
You block the rime drake's attack.
Reach: R) +7 trident (venom)
Press: ? - help, Dir - move target, f/p - orange crystal statue
Aim: an orange crystal statue (almost destroyed, about 5% to evade your +7 trident of venom)
You reach to attack!
You hit the orange crystal statue but do no damage.
The orange crystal statue is almost destroyed.
The ironbound frostheart calls freezing cold from the walls.
The frost grips you!!
You die...

#...# #.##
#.## #...#
#..## #.##
##..##
##..# ##.#
#..## ##
#..# ##.#
#.##
#.####.##
##..# #..#
..)#
#..###..##
##.##p8.#
##..#...#
#..Dk.)#
#.....##
##.@#.##
##..⌠)#
#### .##
##...#
h#..##..##
##....####
#...##.#.##
∆∆ #.#.
##=#R# ∆∆
.. # ##.##
∆∆ #○ ### #


You could see an ice dragon (summoned), an orange crystal statue, an ironbound
frostheart and a rime drake (summoned, extremely poisoned).

Vanquished Creatures
  Rupert (D:11)
  Frances (D:14)
  A white draconian (IceCv)
  Josephine (D:10)
  An ice dragon (IceCv)
  Fannar (D:10)
  6 hydras
  A vault guard (D:13)
  3 boulder beetles
  5 centaur warriors
  A merfolk avatar (Lair:6)
  A two-headed ogre (D:11)
  A tengu warrior (D:15)
  12 death yaks
  Sonja (D:12)
  A fire crab (Lair:6)
  4 skeletal warriors
  2 sea snakes (Lair:6)
  A lindwurm (Lair:6)
  An orc knight (D:15)
  6 ugly things
  2 harpies (Lair:6)
  A salamander (shapeshifter) (D:14)
  An orc sorcerer (D:15)
  2 cyclopes (D:14)
  3 manticores
  A black mamba (Lair:1)
  Maurice (D:12)
  A merfolk siren (Lair:4)
  10 cane toads
  5 elephants
  A torpor snail (Lair:4)
  15 rime drakes
  Maggie (D:10)
  A freezing wraith (D:14)
  7 kobold demonologists
  An efreet (D:11)
  A demonic crawler (Lair:2)
  9 komodo dragons
  2 tengu conjurers
  4 trolls
  9 polar bears
  A raiju (shapeshifter) (D:14)
  14 dream sheep
  2 hornets
  2 slime creatures (D:12)
  4 blink frogs
  A centaur simulacrum (D:10)
  3 wraiths (D:10)
  6 wyverns
  43 yaks
  2 vampires
  4 vampire mosquitoes
  4 steam dragons
  10 water moccasins
  A swamp worm (Lair:2)
  2 acid dragons (D:12)
  Purgy (Sewer)
  2 orc warriors (D:10)
  A black bear (D:5)
  An ice beast (D:9)
  An ogre (D:2)
  6 wolves (Lair:2)
  3 centaurs
  A kobold brigand (D:12)
  10 bullfrogs
  5 killer bees (D:9)
  9 wights
  2 electric eels
  7 centaur zombies
  A howler monkey (D:11)
  2 jellies
  7 orc priests
  A hound (D:5)
  5 centaur skeletons
  6 orc wizards
  A hell rat (Lair:6)
  6 mummies (Ossuary)
  A howler monkey zombie (D:9)
  9 gnolls
  2 adders
  A howler monkey skeleton (D:6)
  4 river rats (Lair:6)
  A shadow imp (D:7)
  2 white imps
  A howler monkey simulacrum (D:10)
  An adder skeleton (D:4)
  2 dart slugs (D:2)
  A worm (D:2)
  30 orcs
  3 bat zombies (D:10)
  3 endoplasms
  3 giant cockroaches
  4 goblins
  9 hobgoblins
  5 quokkas
  7 ball pythons
  2 bats
  3 frilled lizards
  2 hobgoblin zombies (Ossuary)
  15 kobolds
  4 rats
  A rat zombie (D:10)
  A spectral kobold (D:1)
424 creatures vanquished.

Vanquished Creatures (collateral kills)
  An eidolon (D:14)
  3 hydras
  Harold (D:11)
  2 boulder beetles
  A centaur warrior (D:15)
  A catoblepas (Lair:4)
  A two-headed ogre (D:11)
  A death knight (D:14)
  A death yak (Lair:6)
  6 skeletal warriors
  A phantasmal warrior (D:13)
  A wolf spider zombie (D:14)
  A deep elf pyromancer (D:12)
  4 ugly things (IceCv)
  A manticore (D:12)
  2 elephants (Lair:6)
  4 black mambas
  4 centaur skeletons (D:14)
  A torpor snail (Lair:6)
  2 cane toads
  2 kobold demonologists
  5 komodo dragons
  An unseen horror (D:11)
  A tengu conjurer (D:14)
  3 rime drakes (IceCv)
  A troll (D:12)
  9 polar bears
  A hornet (Lair:6)
  13 dream sheep
  A blink frog (Lair:3)
  A snapping turtle (Lair:6)
  4 flying skulls (D:14)
  A shadow (D:11)
  A vampire (D:11)
  18 yaks
  2 wyverns
  6 basilisks
  4 vampire mosquitoes
  Menkaure (D:4)
  A swamp worm (Lair:2)
  An acid dragon (D:10)
  12 water moccasins
  A hornet zombie (D:14)
  2 orc warriors
  A necrophage (D:4)
  An ogre (D:6)
  3 wolves (Lair:2)
  3 centaurs
  6 bullfrogs
  4 kobold brigands
  A scorpion (D:3)
  2 gnoll sergeants
  4 killer bees (D:9)
  9 wights
  An electric eel (D:10)
  A howler monkey (D:11)
  10 centaur zombies
  A hound (D:5)
  2 orc priests (D:10)
  A jelly (D:5)
  A bullfrog skeleton (D:6)
  An iguana (D:5)
  6 orc wizards
  A hell rat (Lair:6)
  A centaur simulacrum (D:10)
  An adder (D:3)
  6 gnolls
  5 river rats (Lair:6)
  An ufetubus (D:10)
  A worm (D:3)
  16 orcs
  An endoplasm (D:3)
  2 giant cockroaches
  2 goblins (D:3)
  2 hobgoblins
  11 kobolds
  3 quokkas (D:5)
  A ball python (D:4)
  A bat (D:1)
  3 hobgoblin zombies (Ossuary)
  A butterfly (Lair:6)
248 creatures vanquished.

Vanquished Creatures (others)
  A wight (D:8)
  21 knights
  An orc (D:10)
  An ancestor (D:1)
  2 bushes (D:6)
  40 fungi
  77 plants
143 creatures vanquished.

Grand Total: 815 creatures vanquished

Notes
Turn   | Place    | Note
-------+----------+-------------------------------------------
     0 | D:1      | MisterFreud the Gnoll Fighter began the quest for the Orb.
     0 | D:1      | Reached XP level 1. HP: 23/23 MP: 1/1
   246 | D:1      | Found a faded altar of an unknown god.
   260 | D:1      | Became a worshipper of Hepliaklqana the Forgotten
   260 | D:1      | Reached * piety under Hepliaklqana
   275 | D:1      | Reached XP level 2. HP: 25/26 MP: 2/2
   782 | D:1      | Reached XP level 3. HP: 28/31 MP: 3/3
  1117 | D:2      | Reached ** piety under Hepliaklqana
  1148 | D:2      | Remembered your ancestor Aula as a knight
  1152 | D:2      | Noticed an ogre
  1159 | D:2      | Killed an ogre
  1160 | D:2      | Reached skill level 1 in Long Blades
  1160 | D:2      | Reached skill level 1 in Axes
  1160 | D:2      | Reached skill level 1 in Maces & Flails
  1160 | D:2      | Reached skill level 1 in Polearms
  1160 | D:2      | Reached skill level 1 in Staves
  1160 | D:2      | Reached skill level 1 in Slings
  1160 | D:2      | Reached skill level 1 in Bows
  1160 | D:2      | Reached skill level 1 in Crossbows
  1160 | D:2      | Reached skill level 1 in Throwing
  1160 | D:2      | Reached skill level 1 in Dodging
  1160 | D:2      | Reached skill level 1 in Stealth
  1160 | D:2      | Reached skill level 1 in Unarmed Combat
  1160 | D:2      | Reached skill level 1 in Spellcasting
  1160 | D:2      | Reached skill level 1 in Conjurations
  1160 | D:2      | Reached skill level 1 in Hexes
  1160 | D:2      | Reached skill level 1 in Summonings
  1160 | D:2      | Reached skill level 1 in Necromancy
  1160 | D:2      | Reached skill level 1 in Translocations
  1160 | D:2      | Reached skill level 1 in Transmutations
  1160 | D:2      | Reached skill level 1 in Fire Magic
  1160 | D:2      | Reached skill level 1 in Ice Magic
  1160 | D:2      | Reached skill level 1 in Air Magic
  1160 | D:2      | Reached skill level 1 in Earth Magic
  1160 | D:2      | Reached skill level 1 in Poison Magic
  1160 | D:2      | Reached skill level 1 in Invocations
  1160 | D:2      | Reached skill level 1 in Evocations
  1160 | D:2      | Reached XP level 4. HP: 15/36 MP: 3/5
  1407 | D:2      | Reached XP level 5. HP: 42/42 MP: 6/6
  2160 | D:3      | Found Alag Cevi's Book Shop.
  2189 | D:3      | Found Wefass's General Store.
  2195 | D:3      | Bought a scroll of identify for 26 gold pieces
  2195 | D:3      | Bought a scroll of magic mapping for 45 gold pieces
  2219 | D:3      | Reached XP level 6. HP: 47/47 MP: 8/8
  2491 | D:3      | Found Zawic's Magic Scroll Shoppe.
  2500 | D:3      | Bought a scroll of teleportation for 39 gold pieces
  2500 | D:3      | Bought a scroll of fear for 45 gold pieces
  2532 | D:3      | Found Veluv's Distillery.
  2540 | D:3      | Bought a potion of curing for 33 gold pieces
  2551 | D:3      | Found Gexolit's Magic Scroll Emporium.
  2776 | D:4      | Found a sand-covered staircase.
  2782 | Ossuary  | Entered an ossuary
  2798 | Ossuary  | Reached skill level 5 in Short Blades
  2825 | Ossuary  | Reached XP level 7. HP: 28/53 MP: 10/10
  3088 | D:4      | Found a burning altar of Makhleb.
  3088 | D:4      | Noticed Menkaure
  3098 | D:4      | Killed Menkaure
  3351 | D:4      | Reached *** piety under Hepliaklqana
  4108 | D:5      | Entered Level 5 of the Dungeon
  4112 | D:5      | Reached XP level 8. HP: 60/60 MP: 12/12
  4203 | D:5      | Found a broken altar of Ashenzari.
  4221 | D:5      | Found a hide-covered altar of Uskayaw.
  4705 | D:5      | Found a glowing drain.
  4725 | Sewer    | Entered a sewer
  4736 | Sewer    | Noticed Purgy
  4743 | Sewer    | Killed Purgy
  5597 | D:6      | Reached XP level 9. HP: 63/65 MP: 14/14
  5679 | D:6      | Found a staircase to the Ecumenical Temple.
  6474 | D:6      | Found Kueb's Serpentskin Sales.
  7131 | D:7      | Reached skill level 5 in Invocations
  7645 | D:7      | Reached **** piety under Hepliaklqana
  7680 | D:7      | Found an iron altar of Okawaru.
  8171 | D:8      | You fall into a shaft and drop 3 floors!
  8171 | D:11     | Noticed an efreet
  8171 | D:11     | Noticed a kobold demonologist
  8174 | D:11     | Killed a kobold demonologist
  8175 | D:11     | Reached XP level 10. HP: 72/72 MP: 17/17
  8183 | D:10     | Entered Level 10 of the Dungeon
  8184 | D:10     | Noticed Maggie
  8197 | D:10     | Found Vudis's Weapon Shoppe.
  8329 | D:9      | Reached skill level 5 in Long Blades
  8329 | D:9      | Reached skill level 5 in Axes
  8329 | D:9      | Reached skill level 5 in Maces & Flails
  8329 | D:9      | Reached skill level 5 in Polearms
  8329 | D:9      | Reached skill level 5 in Staves
  8329 | D:9      | Reached skill level 5 in Slings
  8329 | D:9      | Reached skill level 5 in Bows
  8329 | D:9      | Reached skill level 5 in Crossbows
  8329 | D:9      | Reached skill level 5 in Throwing
  8329 | D:9      | Reached skill level 5 in Dodging
  8329 | D:9      | Reached skill level 5 in Stealth
  8329 | D:9      | Reached skill level 5 in Unarmed Combat
  8329 | D:9      | Reached skill level 5 in Spellcasting
  8329 | D:9      | Reached skill level 5 in Evocations
  8896 | D:9      | Reached ***** piety under Hepliaklqana
 10351 | D:10     | Found an opulent altar of Gozag.
 10595 | D:10     | Gained mutation: You are robust. (+10% HP) [potion of
                  | mutation]
 10605 | D:10     | Killed Maggie
 11231 | D:10     | Reached XP level 11. HP: 60/87 MP: 19/19
 11349 | D:10     | Found Jimuray's Magic Scroll Shoppe.
 11415 | D:10     | Noticed a sun demon
 11424 | D:10     | Noticed a sun demon
 11430 | D:10     | Reached skill level 5 in Conjurations
 11430 | D:10     | Reached skill level 5 in Hexes
 11430 | D:10     | Reached skill level 5 in Summonings
 11430 | D:10     | Reached skill level 5 in Necromancy
 11430 | D:10     | Reached skill level 5 in Translocations
 11430 | D:10     | Reached skill level 5 in Transmutations
 11430 | D:10     | Reached skill level 5 in Fire Magic
 11430 | D:10     | Reached skill level 5 in Ice Magic
 11430 | D:10     | Reached skill level 5 in Air Magic
 11430 | D:10     | Reached skill level 5 in Earth Magic
 11430 | D:10     | Reached skill level 5 in Poison Magic
 11547 | D:10     | Paralysed by a hornet for 3 turns
 11832 | D:10     | Noticed Fannar
 12148 | D:10     | Killed Fannar
 12242 | D:10     | Found a radiant altar of Vehumet.
 12247 | D:10     | Identified the ring of the Turtle {*Slow rF+++ AC+4 Int+6
                  | Dex+2}
 12450 | D:10     | Noticed Josephine
 12481 | D:10     | Killed Josephine
 12970 | D:10     | Found a staircase to the Lair.
 13097 | D:10     | Found a staircase to the Orcish Mines.
 13500 | D:10     | Found Tuozos's Jewellery Shop.
 13564 | D:10     | Found Wemiluec's Antique Weapon Boutique.
 13836 | D:10     | Found an ancient bone altar of Kikubaaqudgha.
 14015 | D:11     | Noticed a two-headed ogre
 14036 | D:11     | Killed a two-headed ogre
 14199 | D:11     | Reached XP level 12. HP: 91/96 MP: 22/22
 14222 | D:11     | Noticed Harold
 14235 | D:11     | Killed Harold
 14592 | D:11     | Noticed a two-headed ogre
 14604 | D:11     | Killed a two-headed ogre
 14804 | D:11     | Noticed a centaur warrior
 14814 | D:11     | Killed a centaur warrior
 15321 | Lair:1   | Entered Level 1 of the Lair of Beasts
 15471 | Lair:1   | Found a runed translucent door.
 15591 | Lair:1   | Noticed loralnil's ghost (journeyman GnTm)
 15592 | Lair:1   | Noticed a death yak
 16501 | Lair:2   | Noticed an eight-headed hydra
 16517 | Lair:2   | Killed an eight-headed hydra
 16518 | Lair:2   | Reached skill level 10 in Fighting
 16518 | Lair:2   | Reached skill level 10 in Armour
 16518 | Lair:2   | Reached skill level 10 in Shields
 17005 | Lair:2   | Found a staircase to the Snake Pit.
 17023 | Lair:2   | Noticed a six-headed hydra
 17025 | Lair:2   | Found the +6 Majin-Bo {vamp, MP+6 Int+6}
 17435 | Lair:2   | Reached XP level 13. HP: 98/103 MP: 24/24
 18451 | Lair:3   | Found an ornate altar of the Wu Jian Council.
 18451 | Lair:3   | Found a hide-covered altar of Uskayaw.
 18646 | Lair:3   | Reached ****** piety under Hepliaklqana
 20383 | Lair:4   | Found a runed translucent gate.
 20388 | Lair:4   | Found a runed translucent gate.
 20389 | Lair:4   | Found a runed translucent gate.
 20389 | Lair:4   | Noticed Yxzaajys's ghost (journeyman DrFi)
 20533 | Lair:4   | Found a staircase to the Shoals.
 20698 | Lair:4   | Reached XP level 14. HP: 111/111 MP: 26/26
 20757 | Lair:4   | Found a snail-covered altar of Cheibriados.
 21180 | Lair:5   | Noticed MeltyBlood's ghost (journeyman FoEE)
 21209 | Lair:5   | Reached skill level 10 in Short Blades
 21280 | Lair:5   | Found a transporter.
 21290 | Lair:5   | Found a transporter.
 21440 | Lair:5   | Found a dark tunnel.
 22351 | Lair:5   | Reached skill level 10 in Invocations
 22858 | Lair:6   | Entered Level 6 of the Lair of Beasts
 23508 | Lair:6   | HP: 2/113 [death yak (17)]
 24370 | D:6      | Bought the +4 swamp dragon scales "Afrienoe" {+Blink rPois
                  | Will++} for 1108 gold pieces
 25362 | Lair:6   | Reached XP level 15. HP: 116/119 MP: 28/28
 26431 | Lair:6   | Found a staircase to the Slime Pits.
 26432 | Lair:6   | Found a viscous altar of Jiyva.
 26690 | D:12     | Noticed Sonja
 26697 | D:12     | Killed Sonja
 26775 | D:12     | Reached skill level 10 in Long Blades
 26775 | D:12     | Reached skill level 10 in Axes
 26775 | D:12     | Reached skill level 10 in Maces & Flails
 26775 | D:12     | Reached skill level 10 in Polearms
 26775 | D:12     | Reached skill level 10 in Staves
 26775 | D:12     | Reached skill level 10 in Slings
 26775 | D:12     | Reached skill level 10 in Bows
 26775 | D:12     | Reached skill level 10 in Crossbows
 26775 | D:12     | Reached skill level 10 in Throwing
 26775 | D:12     | Reached skill level 10 in Dodging
 26775 | D:12     | Reached skill level 10 in Stealth
 26775 | D:12     | Reached skill level 10 in Unarmed Combat
 26775 | D:12     | Reached skill level 10 in Spellcasting
 26775 | D:12     | Reached skill level 10 in Evocations
 26867 | D:12     | Noticed Maurice
 26885 | D:12     | Killed Maurice
 26989 | D:12     | Noticed Rupert
 27670 | D:11     | Killed Rupert
 28468 | D:13     | Found a gate to the Vaults.
 29655 | D:14     | Noticed Frances
 30067 | D:14     | Reached XP level 16. HP: 90/127 MP: 30/30
 30460 | D:14     | Killed Frances
 31719 | D:15     | Entered Level 15 of the Dungeon
 31874 | D:15     | Found a frozen archway.
 32058 | IceCv    | Entered an ice cave
 33327 | IceCv    | Killed from afar by an ironbound frostheart

Illustrated notes

Levels and vault maps discovered:
D:1:      minmay_arrival_hallway, layout_basic,
          dreamdust_ecumenical_altar_drowned_temple, minmay_small_reverse_x
D:2:      layout_rooms
D:3:      layout_loops_ring, serial_shops, shop, nicolae_shop_stone, shop, shop,
          shop_scrolls
D:4:      layout_loops_cross, mainiacjoe_overflow_concentric_impassable,
          enter_ossuary_1, kennysheep_big_empty_room, corexii_hall_statues_i,
          kennysheep_generic_room_4, uniq_menkaure
D:5:      layout_loops_ring, mainiacjoe_overflow_large_starburst,
          gup_sewer_entry_pipe
D:6:      layout_basic, minmay_temple_entry_ruins, minmay_hedge_maze,
          serial_park_tiny_pond, guppyfry_shop_venom
D:7:      layout_loops_corners, okawaru_gym_becter
D:8:      layout_basic
D:9:      layout_stronghold, minivault_4, kennysheep_generic_room_5
D:10:     layout_basic, lemuel_zombie_altar_kikubaaqudgha,
          nicolae_gozag_seed_capital, vehumet_crystals, erik_lair_dragon,
          hiddenorc2_lemuel, serial_shops, kennysheep_little_box,
          nicolae_shop_waterfront, nicolae_square_shop, shop_statue, serial_ice,
          serial_ice_e, serial_ice_f, serial_ice_k, serial_ice_h, uniq_fannar,
          uniq_maggie, uniq_josephine
D:11:     layout_basic, uniq_harold
D:12:     layout_loops_ring, kennysheep_small_circle, uniq_sonja, uniq_rupert,
          uniq_maurice
D:13:     layout_loops_ring, david_vaults_5
D:14:     hangedman_screamer, layout_irregular_city, glass_columns_a,
          kennysheep_two_boxes
D:15:     grunt_enter_depths_hoard, layout_basic, zin_angel,
          portal_ice_cave_entry_pillars_three, grunt_ministairs_5,
          eat_drink_and_be_merry_uskayaw, uniq_agnes, uniq_azrael
Lair:1:   dpeg_oklob_gauntlet, layout_cave_pods, ebering_ghost_inner_flame
Lair:2:   layout_cave_pods, minmay_snake_entry_six_corridors,
          chequers_serial_rivers_large_a, worms_lemuel
Lair:3:   layout_regular_city, nzn_masters_of_martial_movement,
          grunt_megastairs_1, serial_bayou_shore_a, infiniplex_staircase_pool_2
Lair:4:   layout_cave_pods, minmay_shoals_entry_lonely_mermaid,
          gammafunk_ghost_hydra_chop, minmay_holes, kennysheep_snail_temple
Lair:5:   layout_cave_pods, nzn_ghost_randoct, enter_volcano_2,
          beast_lair_carwin_6
Lair:6:   gammafunk_lair_ancient_temple, layout_gridlike, slime_altar_1,
          kennysheep_rathole, lemuel_fruit_fields
IceCv:    ice_cave_caverns_01

Skill      XL: |  1  2  3  4  5  6  7  8  9 10 11 12 13 14 15 16 |
---------------+-------------------------------------------------+-----
Long Blades    | 1 2 3 4 5 6 7 8 9 10 | 10.9
Axes           | 1 2 3 4 5 6 7 8 9 10 | 10.9
Maces & Flails | 1 2 3 4 5 6 7 8 9 10 | 10.9
Polearms       | 1 2 3 4 5 6 7 8 9 10 | 10.9
Staves         | 1 2 3 4 5 6 7 8 9 10 | 10.9
Slings         | 1 2 3 4 5 6 7 8 9 10 | 10.9
Bows           | 1 2 3 4 5 6 7 8 9 10 | 10.9
Crossbows      | 1 2 3 4 5 6 7 8 9 10 | 10.9
Throwing       | 1 2 3 4 5 6 7 8 9 10 | 10.9
Dodging        | 1 2 3 4 5 6 7 8 9 10 | 10.9
Stealth        | 1 2 3 4 5 6 7 8 9 10 | 10.9
Unarmed Combat | 1 2 3 4 5 6 7 8 9 10 | 10.9
Spellcasting   | 1 2 3 4 5 6 7 8 9 10 | 10.9
Conjurations   | 1 2 3 4 5 6 7 8 9 |  9.3
Hexes          | 1 2 3 4 5 6 7 8 9 |  9.3
Summonings     | 1 2 3 4 5 6 7 8 9 |  9.3
Necromancy     | 1 2 3 4 5 6 7 8 9 |  9.3
Translocations | 1 2 3 4 5 6 7 8 9 |  9.3
Transmutations | 1 2 3 4 5 6 7 8 9 |  9.3
Fire Magic     | 1 2 3 4 5 6 7 8 9 |  9.3
Ice Magic      | 1 2 3 4 5 6 7 8 9 |  9.3
Air Magic      | 1 2 3 4 5 6 7 8 9 |  9.3
Earth Magic    | 1 2 3 4 5 6 7 8 9 |  9.3
Poison Magic   | 1 2 3 4 5 6 7 8 9 |  9.3
Invocations    | 1 2 3 4 5 6 7 8 9 10 11 | 11.8
Evocations     | 1 2 3 4 5 6 7 8 9 10 | 10.9
Short Blades   | 5 6 7 8 9 10 11 | 11.7
Fighting       | 7 8 9 10 11 12 | 12.5
Armour         | 7 8 9 10 11 12 | 12.5
Shields        | 7 8 9 10 11 12 | 12.5

Action                   |  1- 3 |  4- 6 |  7- 9 | 10-12 | 13-15 | 16-18 || total
-------------------------+-------+-------+-------+-------+-------+-------++-------
Melee: Rapier            |    69 |   123 |   357 |    91 |       |       ||   640
       Bite              |     8 |     8 |    33 |    72 |   122 |    46 ||   289
       Trident           |       |       |       |   544 |  1028 |   366 ||  1938
Invok: Ancestor Life: Kn |     1 |       |       |       |       |       ||     1
       Recall Ancestor   |       |       |       |     1 |       |       ||     1
Evoke: Wand              |       |       |       |     1 |     2 |     3 ||     6
       Lightning rod     |       |       |       |       |     1 |       ||     1
       Tin of tremorston |       |       |       |       |     1 |       ||     1
       Phial of floods   |       |       |       |       |       |     1 ||     1
  Use: Potion            |       |     1 |       |     2 |     6 |     1 ||    10
       Scroll            |       |       |     5 |    15 |     6 |       ||    26
 Stab: Sleeping          |       |       |    10 |     9 |    23 |     3 ||    45
       Distracted        |       |       |     4 |     7 |    11 |     6 ||    28
Armor: Scale mail        |    20 |       |       |       |       |       ||    20
       Ring mail         |       |    56 |   132 |   212 |   100 |       ||   500
       Swamp dragon scal |       |       |       |       |   145 |   138 ||   283
Dodge: Dodged            |    15 |    54 |   138 |   261 |   495 |   205 ||  1168
Block: Kite shield       |    42 |    70 |   200 |   352 |   495 |   244 ||  1403
